 Dungeon Crawl Stone Soup version 0.31.0-1-g2c135a0 (webtiles) character file.

Game seed: 12276012486748985150

3150 jagoly the Destroyer (level 9, -3/62 HPs)
             Began as an Octopode Conjurer on Jan 24, 2024.
             Was an Initiate of Vehumet.
             Slain by a yak (17 damage)
             ... on level 8 of the Dungeon.
             The game lasted 00:32:19 (2377 turns).

jagoly the Destroyer (Octopode Conjurer)            Turns: 2377, Time: 00:32:19

Health: -3/62      AC:  1    Str:  6    XL:     9   Next: 93%
Magic:  22/40      EV: 15    Int: 25    God:    Vehumet [......]
Gold:   372        SH:  5    Dex: 16    Spells: 1/14 levels left

rFire   . . .        i - +1 short sword (venom)
rCold   . . .        (no shield)
rNeg    . . .        (helmet restricted)
rPois   .            C - amulet of reflection
rElec   .            d - ring of magical power
rCorr   .            f - ring of magical power
SInv    .            c - +6 ring of dexterity
Will    .....        q - ring of magical power
Stlth   +++++        (no ring)
HPRegen 0.30/turn    (no ring)
MPRegen 0.27/turn    (no ring)
                     (no ring)

%: reflection
@: no status effects
A: almost no armour, amphibious, 8 rings, camouflage 1, gelatinous body 1,
(nimble swimmer 1), tentacles
a: Renounce Religion


You were on level 8 of the Dungeon.
You worshipped Vehumet.
Vehumet was noncommittal.
You visited 2 branches of the dungeon, and saw 10 of its levels.
You also visited: Sewer.

You collected 372 gold pieces.

Inventory:

Hand Weapons
 i - a +1 short sword of venom (weapon)
 v - a +1 short sword of electrocution
 y - a +1 dagger of holy wrath
 E - a +1 heavy sling
Missiles
 g - 6 poisoned darts
 h - 45 stones
 s - 2 curare-tipped darts
Jewellery
 c - a +6 ring of dexterity (on tentacle)
 d - a ring of magical power (left tentacle)
 f - a ring of magical power (right tentacle)
 q - a ring of magical power (on tentacle)
 C - an amulet of reflection (around mantle)
Wands
 B - a wand of digging (6)
 D - a wand of polymorph (9)
Scrolls
 b - 2 scrolls of enchant armour
 e - a scroll of immolation {unknown}
 j - 2 scrolls of enchant weapon
 k - a scroll of silence {unknown}
 l - a scroll of torment {unknown}
 n - 3 scrolls of identify
 o - a scroll of revelation {unknown}
 p - 2 scrolls of amnesia
 r - a scroll of poison {unknown}
 t - a scroll of teleportation {unknown}
 x - a scroll of blinking {unknown}
 A - a scroll of fog {unknown}
Potions
 a - 4 potions of magic
 m - a potion of heal wounds {unknown}
 u - a potion of haste {unknown}
 w - a potion of berserk rage {unknown}
 z - a potion of ambrosia {unknown}


   Skills:
 + Level 6.0 Fighting
 + Level 5.4 Dodging
 + Level 7.4 Stealth
 - Level 3.0 Spellcasting
 - Level 8.0 Conjurations
 - Level 2.0 Translocations
 - Level 6.0 Earth Magic


You had one spell level left.
You knew the following spells:

 Your Spells              Type           Power      Damage    Failure   Level
a - Magic Dart            Conj           100%       1d8       1%          1
b - Iskenderun's Mystic   Conj/Tloc      28%        2d7       13%         4
s - Searing Ray           Conj           86%        2d7       1%          2
w - Passwall              Erth           33%        N/A       2%          3
x - Stone Arrow           Conj/Erth      76%        3d11      1%          3

Your spell library contained the following spells:

 Spells                   Type           Power      Damage    Failure   Level
 Sandblast                Erth           66%        2d15      1%          1
 Brom's Barrelling Bould  Conj/Erth      38%        2d6       5%          4
 Fulminant Prism          Conj/Alch      11%        3d9       19%         4
 Ignite Poison            Fire/Alch      3%         N/A       69%         4
 Sticky Flame             Fire/Alch      3%         2d4       69%         4
 Ignition                 Fire           1%         3d3       100%        8


Dungeon Overview and Level Annotations

Branches:
Dungeon (9/15) Zot: 26462    Lair (1/5) D:8 Zot: 5975   Sewer (visited)
 Temple: D:4-7          Orc: D:9-12

Altars:
Gozag
Vehumet

Shops:
D:6 ((

Annotations:
D:3 Terence
D:4 Sigmund


Innate Abilities, Weirdness & Mutations

You cannot wear most types of armour.
You are amphibious.
You can wear up to eight rings at the same time.
Your skin changes colour to match your surroundings (Stealth+).
Your rubbery body absorbs attacks. (AC +1, EV +1)
((You are camouflaged when in or above water. (Stealth+)))
You have tentacles for arms and can constrict up to eight enemies at once.


Message History

The sling bullet hits you!
Cast which spell? (? or * to list)
Aiming: Stone Arrow (safe; 1% risk of failure)
Press: ? - help, Shift-Dir - straight line, f/p - Joseph
Aim: Joseph, wielding a +1 heavy sling, wearing a +2 leather armour of cold resistance and carrying a wand of polymorph (lightly wounded, 74% to hit)
The stone arrow misses Joseph.
Cast which spell? (? or * to list)
Aiming: Stone Arrow (safe; 1% risk of failure)
Press: ? - help, Shift-Dir - straight line, f/p - Joseph
Aim: Joseph, wielding a +1 heavy sling, wearing a +2 leather armour of cold resistance and carrying a wand of polymorph (lightly wounded, 74% to hit)
The stone arrow hits Joseph!
Joseph is moderately wounded.
Joseph tries to grin evilly.
Cast which spell? (? or * to list)
Aiming: Stone Arrow (safe; 1% risk of failure)
Press: ? - help, Shift-Dir - straight line, f/p - Joseph
Aim: Joseph, wielding a +1 heavy sling, wearing a +2 leather armour of cold resistance and carrying a wand of polymorph (moderately wounded, 74% to hit)
The stone arrow misses Joseph.
Joseph shoots a sling bullet.
The sling bullet barely misses you.
Cast which spell? (? or * to list)
Aiming: Stone Arrow (safe; 1% risk of failure)
Press: ? - help, Shift-Dir - straight line, f/p - Joseph
Aim: Joseph, wielding a +1 heavy sling, wearing a +2 leather armour of cold resistance and carrying a wand of polymorph (moderately wounded, 74% to hit)
The stone arrow hits Joseph!!
Joseph is heavily wounded.
Cast which spell? (? or * to list)
Aiming: Stone Arrow (safe; 1% risk of failure)
Press: ? - help, Shift-Dir - straight line, f/p - Joseph
Aim: Joseph, wielding a +1 heavy sling, wearing a +2 leather armour of cold resistance and carrying a wand of polymorph (heavily wounded, 74% to hit)
The stone arrow hits Joseph!
Joseph is severely wounded.
Joseph zaps a wand.
You easily resist.
Cast which spell? (? or * to list)
Aiming: Stone Arrow (safe; 1% risk of failure)
Press: ? - help, Shift-Dir - straight line, f/p - Joseph
Aim: Joseph, wielding a +1 heavy sling, wearing a +2 leather armour of cold resistance and carrying a wand of polymorph (severely wounded, 74% to hit)
The stone arrow hits Joseph.
Joseph is severely wounded.
Joseph says, "I've waited for this moment for such a long time."
Joseph shoots a sling bullet.
The sling bullet barely misses you.
Cast which spell? (? or * to list)
Aiming: Stone Arrow (safe; 1% risk of failure)
Press: ? - help, Shift-Dir - straight line, f/p - Joseph
Aim: Joseph, wielding a +1 heavy sling, wearing a +2 leather armour of cold resistance and carrying a wand of polymorph (severely wounded, 74% to hit)
The stone arrow hits Joseph!!
You kill Joseph!
Vehumet accepts your kill.
Training target 3.0 for Spellcasting reached!
Your Stealth skill increases to level 5!
Your Spellcasting skill increases to level 3!
D - a wand of polymorph (9)
There is an open door, spattered with blood here.
Things that are here:
a +1 heavy sling; a +2 spectral quarterstaff; a +2 leather armour of cold resistance
E - a +1 heavy sling
Found 17 gold pieces.
Found a scroll of identify.
You now have 319 gold pieces (gained 17).
n - 4 scrolls of identify (gained 1)
As you read the scroll of identify, it crumbles to dust.
j - 2 scrolls of enchant weapon
Found a chain mail.
You open the door.
There is an open door here.
Found a staircase to the Lair.
Cast which spell? (? or * to list)
Aiming: Searing Ray (safe; 1% risk of failure)
Press: ? - help, Shift-Dir - straight line, f - komodo dragon
Aim: a komodo dragon (asleep, 100% to hit)
The searing ray hits the plant.
The plant begins to die.
The plant is lightly damaged.
The searing ray hits the komodo dragon.
The komodo dragon is lightly wounded.
The komodo dragon hisses angrily. (Press . to maintain the ray.)
The komodo dragon bites the plant.
The plant begins to die.
The searing ray hits the plant!
The plant is lightly damaged.
The searing ray hits the komodo dragon but does no damage.
The komodo dragon is lightly wounded.
The komodo dragon bites the plant!
The searing ray hits the plant!
The plant is lightly damaged.
The searing ray hits the komodo dragon!
The komodo dragon is moderately wounded.
The komodo dragon bites the plant!
The plant begins to die.
The searing ray hits the plant!
The plant is lightly damaged.
The searing ray misses the komodo dragon.
You finish channelling your searing ray.
A nearby plant withers and dies.
Cast which spell? (? or * to list)
Aiming: Stone Arrow (safe; 1% risk of failure)
Press: ? - help, Shift-Dir - straight line, f/p - komodo dragon
Aim: a komodo dragon (moderately wounded, 81% to hit)
The stone arrow hits the komodo dragon!
The komodo dragon is heavily wounded.
Cast which spell? (? or * to list)
Aiming: Stone Arrow (safe; 1% risk of failure)
Press: ? - help, Shift-Dir - straight line, f/p - komodo dragon
Aim: a komodo dragon (heavily wounded, 81% to hit)
The stone arrow hits the komodo dragon!
The komodo dragon is almost dead.
A nearby plant withers and dies.
Cast which spell? (? or * to list)
Aiming: Stone Arrow (safe; 1% risk of failure)
Press: ? - help, Shift-Dir - straight line, f/p - komodo dragon
Aim: a komodo dragon (almost dead, 81% to hit)
The stone arrow hits the komodo dragon!
You kill the komodo dragon!
Vehumet accepts your kill.
Your Fighting skill increases to level 5!
Your Dodging skill increases to level 4!
This spell is dangerous to cast!
A nearby plant withers and dies.
You start memorising the spell.
You continue memorising. x4
You finish memorising.
Spell assigned to 'b'.
Unknown command.
There is a staircase to the Lair here.
You climb downwards.
Welcome to the Lair of Beasts!
There is a staircase back to the Dungeon here.
Cast which spell? (? or * to list)
Aiming: Stone Arrow (safe; 1% risk of failure)
Press: ? - help, Shift-Dir - straight line, f - rime drake
Aim: a rime drake (asleep, 100% to hit)
The stone arrow hits the rime drake!!
The rime drake is severely wounded.
Cast which spell? (? or * to list)
Aiming: Stone Arrow (safe; 1% risk of failure)
Press: ? - help, Shift-Dir - straight line, f/p - rime drake
Aim: a rime drake (severely wounded, 67% to hit)
The stone arrow hits the rime drake!!
You kill the rime drake!
Vehumet accepts your kill.
Training target 2.0 for Spellcasting reached!
Your Stealth skill increases to level 6!
Your Translocations skill increases to level 1! 2 yaks come into view.
Cast which spell? (? or * to list)
Aiming: Magic Dart (safe; 1% risk of failure)
Press: ? - help, Shift-Dir - straight line, f - yak
Aim: a yak (asleep, 100% to hit)
The magic dart hits the yak.
The yak is lightly wounded.
The yak bellows! x2
A yak comes into view. x2
There is a staircase back to the Dungeon here.
The yak snorts and paws the ground.
Cast which spell? (? or * to list)
Aiming: Stone Arrow (safe; 1% risk of failure)
Press: ? - help, Shift-Dir - straight line, f - yak, p - yak
Aim: a yak (84% to hit)
Okay, then.
Cast which spell? (? or * to list)
Aiming: Stone Arrow (safe; 1% risk of failure)
Press: ? - help, Shift-Dir - straight line, f/p - yak
Aim: a yak (lightly wounded, 84% to hit)
The stone arrow hits the yak!
The yak is moderately wounded.
A yak comes into view.
Cast which spell? (? or * to list)
Aiming: Stone Arrow (safe; 1% risk of failure)
Press: ? - help, Shift-Dir - straight line, f/p - yak
Aim: a yak (moderately wounded, 84% to hit)
The stone arrow hits the yak!!
The yak is almost dead.
The yak bellows!
The yak gores you.
You climb upwards.
Welcome back to the Dungeon!
There is a staircase to the Lair here.
Cast which spell? (? or * to list)
Aiming: Stone Arrow (safe; 1% risk of failure)
Press: ? - help, Shift-Dir - straight line, f - yak
Aim: a yak (84% to hit)
The stone arrow hits the yak!!
The yak is severely wounded.
The yak barely misses you.
Cast which spell? (? or * to list)
Aiming: Stone Arrow (safe; 1% risk of failure)
Press: ? - help, Shift-Dir - straight line, f/p - yak
Aim: a yak (severely wounded, 84% to hit)
The stone arrow hits the yak!!
You kill the yak!
Vehumet accepts your kill.
* * * LOW MAGIC WARNING * * *
Training target 2.0 for Translocations reached!
Your Translocations skill increases to level 2!
Found an Everburning Encyclopedia.
Found 11 gold pieces.
You pick up an Everburning Encyclopedia and begin reading...
You add the spells Ignite Poison, Sticky Flame and Ignition to your library.
Okay, then.
Unknown command.
You now have 330 gold pieces (gained 11).
You open the door.
Found 4 stones and 16 gold pieces.
Okay, then.
There is an open door here.
h - 45 stones (gained 4)
You now have 346 gold pieces (gained 16).
Found 15 gold pieces.
You now have 361 gold pieces (gained 15).
Found 11 gold pieces.
You now have 372 gold pieces (gained 11).
You open the door.
A bullfrog and a steam dragon come into view.
There is an open door here.
Cast which spell? (? or * to list)
Aiming: Stone Arrow (safe; 1% risk of failure)
Press: ? - help, Shift-Dir - straight line, f - steam dragon
Aim: a steam dragon (asleep, 100% to hit)
You miscast Stone Arrow.
You are very lightly contaminated with residual magic.
Nothing appears to happen.
Cast which spell? (? or * to list)
Aiming: Stone Arrow (safe; 1% risk of failure)
Press: ? - help, Shift-Dir - straight line, f/p - steam dragon
Aim: a steam dragon (asleep, 100% to hit)
The stone arrow hits the steam dragon!
The steam dragon is moderately wounded.
The steam dragon hisses angrily.
The bullfrog gives a loud, deep croak!
The bullfrog hits you!
Cast which spell? (? or * to list)
Aiming: Stone Arrow (safe; 1% risk of failure)
Press: ? - help, Shift-Dir - straight line, p - steam dragon The stone arrow misses the steam dragon.
The bullfrog closely misses you. The bullfrog hits you.
Cast which spell? (? or * to list)
Aiming: Searing Ray (safe; 1% risk of failure)
Press: ? - help, Shift-Dir - straight line, f - steam dragon
Aim: a steam dragon (moderately wounded, 82% to hit)
The searing ray hits the bullfrog.
The bullfrog is lightly wounded.
The searing ray hits the steam dragon.
The steam dragon is heavily wounded. (Press . to maintain the ray.)
The bullfrog misses you. You block the bullfrog's attack.
Cast which spell? (? or * to list) Restarting spell: Searing Ray (safe; 1% risk of failure)
Press: ? - help, Shift-Dir - straight line, f/p - steam dragon
Aim: a steam dragon (heavily wounded, 82% to hit)
The searing ray hits the bullfrog!
The bullfrog is heavily wounded.
The searing ray misses the steam dragon. (Press . to maintain the ray.)
The bullfrog barely misses you.
Cast which spell? (? or * to list) Restarting spell: Searing Ray (safe; 1% risk of failure)
Press: ? - help, Shift-Dir - straight line, f/p - steam dragon
Aim: a steam dragon (heavily wounded, 82% to hit)
The searing ray hits the bullfrog.
The bullfrog is almost dead.
The searing ray hits the steam dragon.
The steam dragon is severely wounded. (Press . to maintain the ray.)
The bullfrog hits you!
The bullfrog hits you but does no damage.
Your magical contamination has completely faded away.
Cast which spell? (? or * to list) Restarting spell: Searing Ray (safe; 1% risk of failure)
Press: ? - help, Shift-Dir - straight line, f/p - steam dragon
Aim: a steam dragon (severely wounded, 82% to hit)
The searing ray misses the bullfrog.
The searing ray hits the steam dragon.
The steam dragon is almost dead. (Press . to maintain the ray.)
The bullfrog barely misses you.
Cast which spell? (? or * to list) Restarting spell: Searing Ray (safe; 1% risk of failure)
Press: ? - help, Shift-Dir - straight line, f/p - steam dragon
Aim: a steam dragon (almost dead, 82% to hit)
The searing ray hits the bullfrog!
You kill the bullfrog!
Vehumet accepts your kill.
The searing ray hits the steam dragon!
You kill the steam dragon!
Vehumet accepts your kill. (Press . to maintain the ray.)
Your Dodging skill increases to level 5!
You see here a bullfrog corpse.
There is an open door, spattered with blood here.
Cast which spell? (? or * to list)
Aiming: Passwall (dangerous; 2% risk of failure)
Press: ? - help, Dir - move target A rock wall.
Something is blocking your path through the rock.
Unknown command.
There is an open door, spattered with blood here.
You see here a bullfrog corpse.
You open the door.
There is an open door here.
A centaur comes into view.
Found a ring mail.
The helpless centaur fails to defend itself.
You puncture the centaur!
The centaur is poisoned.
You squeeze the centaur, but do no damage.
The centaur is heavily wounded.
You block the centaur's attack. The centaur misses you.
You hit the centaur.
The centaur looks as sick as possible!
The centaur is severely wounded.
The centaur misses you. You block the centaur's attack.
The centaur completely misses you. The centaur kicks you.
You hit the centaur.
The centaur looks as sick as possible!
You squeeze the centaur, but do no damage.
The centaur is almost dead.
You kill the centaur!
Vehumet accepts your kill.
Your Stealth skill increases to level 7!
Things that are here:
a +0 shortbow; a centaur corpse You open the door.
A vampire mosquito comes into view.
Cast which spell? (? or * to list)
Aiming: Stone Arrow (safe; 1% risk of failure)
Press: ? - help, Shift-Dir - straight line, f - vampire mosquito
Aim: a vampire mosquito (dormant, 100% to hit)
The stone arrow hits the vampire mosquito!
The vampire mosquito is heavily damaged.
The vampire mosquito buzzes angrily.
The vampire mosquito misses you.
Cast which spell? (? or * to list)
Aiming: Stone Arrow (safe; 1% risk of failure)
Press: ? - help, Shift-Dir - straight line, f/p - vampire mosquito
Aim: a vampire mosquito (heavily damaged, 57% to hit)
The stone arrow misses the vampire mosquito.
The vampire mosquito bites you.
The vampire mosquito draws strength from your injuries!
The vampire mosquito completely misses you.
Cast which spell? (? or * to list)
Aiming: Stone Arrow (safe; 1% risk of failure)
Press: ? - help, Shift-Dir - straight line, f/p - vampire mosquito
Aim: a vampire mosquito (heavily damaged, 57% to hit)
The stone arrow hits the vampire mosquito!!
You destroy the vampire mosquito!
Vehumet accepts your kill.
There is an open door here.
You see here a vampire mosquito corpse.
Things that are here:
a +0 shortbow; a centaur corpse Cast which spell? (? or * to list)
Aiming: Passwall (dangerous; 2% risk of failure)
Press: ? - help, Dir - move target A rock wall.
You begin to meditate on the wall.
You continue meditating on the rock. x2
You finish merging with the rock.
Unknown command.
There is an open door here.
You open the door.
There is an open door here.
You open the door.
There is an open door here.
There is an open door here.
You open the door.
There is an open door here.
You open the door.
There is an open door here.
Found a stone staircase leading down.
There is a stone staircase leading down here.
Cast which spell? (? or * to list)
Aiming: Passwall (dangerous; 2% risk of failure)
Press: ? - help, Dir - move target A rock wall.
You begin to meditate on the wall.
You continue meditating on the rock. x2
You finish merging with the rock.
Unknown command.
An orc comes into view. It is wielding a +0 mace.
Found an escape hatch in the floor.
Found two stone staircases leading up.
The bullfrog gives a loud, deep croak!
Cast which spell? (? or * to list)
Aiming: Stone Arrow (safe; 1% risk of failure)
Press: ? - help, Shift-Dir - straight line, f - orc wizard
Aim: an orc wizard, wielding a +0 dagger and wearing a +0 robe (67% to hit)
The stone arrow hits the orc wizard!
You kill the orc wizard!
Vehumet accepts your kill.
The orc shouts! x2
Cast which spell? (? or * to list)
Aiming: Searing Ray (safe; 1% risk of failure)
Press: ? - help, Shift-Dir - straight line, f - orc
Aim: an orc, wielding a +0 mace (82% to hit)
The searing ray misses the orc.
The searing ray hits the bullfrog.
The bullfrog is lightly wounded.
The searing ray misses the orc. (Press . to maintain the ray.)
The searing ray hits the bullfrog!
The bullfrog is heavily wounded.
The searing ray hits the orc!
You kill the orc!
Vehumet accepts your kill. The bullfrog barely misses you.
You hit the bullfrog.
The bullfrog is poisoned.
You grab the bullfrog.
The bullfrog is severely wounded.
You constrict the bullfrog. You block the bullfrog's attack.
The bullfrog closely misses you. The orc closely misses you.
You hit the bullfrog.
You kill the bullfrog!
Vehumet accepts your kill. The orc hits you with a +0 hand axe.
Your Fighting skill increases to level 6!
You hit the orc.
The orc is poisoned.
You grab the orc.
The orc is heavily wounded.
You constrict the orc. The orc hits you with a +0 hand axe.
You hit the orc.
You kill the orc!
Vehumet accepts your kill.
Things that are here:
a +0 hand axe; an orc corpse
Things that are here:
a +0 dagger; a +0 robe; an orc corpse
There is a stone staircase leading up here.
You climb upwards.
There is a stone staircase leading down here.
Cast which spell? (? or * to list)
Aiming: Stone Arrow (safe; 1% risk of failure)
Press: ? - help, Shift-Dir - straight line, f - sleepcap
Aim: a sleepcap (dormant, 100% to hit)
The stone arrow hits the sleepcap!
The sleepcap is heavily damaged.
Cast which spell? (? or * to list)
Aiming: Stone Arrow (safe; 1% risk of failure)
Press: ? - help, Shift-Dir - straight line, f/p - sleepcap
Aim: a sleepcap (heavily damaged, 100% to hit)
The stone arrow hits the sleepcap!!
You destroy the sleepcap!
Vehumet accepts your kill.
You climb downwards.
There is a stone staircase leading up here.
There is a stone staircase leading up here.
HP restored.
You climb upwards.
There is a stone staircase leading down here.
There is a stone staircase leading down here.
You climb downwards.
There is a stone staircase leading up here.
Unknown command.
You open the door.
There is an open door here.
You open the door.
There is an open door here.
You open the door.
There is an open door here.
You open the door.
There is an open door here.
You open the door.
There is an open door here.
Cast which spell? (? or * to list)
You can't see any susceptible monsters within range! (Use Z to cast anyway.) Unknown command.
Cast which spell? (? or * to list)
Aiming: Passwall (dangerous; 2% risk of failure)
Press: ? - help, Dir - move target A rock wall.
You begin to meditate on the wall.
You continue meditating on the rock. x3
You finish merging with the rock.
Unknown command.
There is a staircase to the Lair here.
You climb downwards.
Welcome back to the Lair of Beasts!
The yak gores you!
There is a staircase back to the Dungeon, spattered with blood here.
Cast which spell? (? or * to list)
Okay, then.
Hit: i) +1 short sword (venom)
Press: ? - help, Dir - move target, f - yak
Aim: a yak (about 24% to evade your +1 short sword of venom)
You barely miss the yak. The yak closely misses you.
Hit: i) +1 short sword (venom)
Press: ? - help, Dir - move target, f/p - yak
Aim: a yak (about 24% to evade your +1 short sword of venom)
The yak bellows! x2
You hit the yak.
The yak is poisoned.
Your tentacle-slap misses the yak.
You squeeze the yak, but do no damage.
The yak is lightly wounded.
The yak gores you!
Cast which spell? (? or * to list)
Aiming: Stone Arrow (safe; 1% risk of failure)
Press: ? - help, Shift-Dir - straight line, f/p - yak
Aim: a yak (lightly wounded, very poisoned, 84% to hit)
The stone arrow hits the yak!
The yak is moderately wounded.
The yak misses you. You block the yak's attack. The yak gores you!
* * * LOW HITPOINT WARNING * * *
You climb upwards.
Welcome back to the Dungeon!
There is a staircase to the Lair here.
Cast which spell? (? or * to list)
Aiming: Stone Arrow (safe; 1% risk of failure)
Press: ? - help, Shift-Dir - straight line, f - yak
Aim: a yak (moderately wounded, very poisoned, 84% to hit)
The stone arrow hits the yak!!
The yak is severely wounded.
You block the yak's attack. The yak gores you!
* * * LOW HITPOINT WARNING * * *
Cast which spell? (? or * to list)
Aiming: Stone Arrow (safe; 1% risk of failure)
Press: ? - help, Shift-Dir - straight line, f/p - yak
Aim: a yak (severely wounded, very poisoned, 84% to hit)
The stone arrow hits the yak!
You kill the yak!
Vehumet accepts your kill. The yak gores you!
You die... # ########### # ##.P.PPPPPP## # #PP†.PPPPPPP## # #PP.@.PPPPPP.##

# #PPY÷.PPPP....##
# #PP.PPPPP......#
# #PP.PP......##.#
#
##.....P...##..##
#####.....####...#
#........#.......#
#........#......##
##
#..###..##..#####
#.


You could see a yak.

Vanquished Creatures
  Joseph (D:8)
  A rime drake (Lair:1)
  A komodo dragon (D:8)
  2 yaks (D:8)
  A steam dragon (D:8)
  A vampire mosquito (D:8)
  An ice beast (D:6)
  A black bear (D:6)
  A sky beast (D:8)
  An ogre (D:5)
  2 centaurs (D:8)
  A phantom (D:5)
  3 kobold brigands (Sewer)
  2 bullfrogs (D:8)
  2 scorpions (D:7)
  4 wights (D:7)
  An electric eel (D:6)
  A jelly (D:5)
  A hound (D:5)
  2 orc priests
  A sleepcap (D:7)
  4 iguanas
  6 orc wizards
  11 adders
  4 river rats (Sewer)
  3 shadow imps
  A white imp (D:5)
  3 dart slugs
  A ribbon worm (Sewer)
  13 orcs
  9 endoplasms
  5 giant cockroaches
  4 hobgoblins
  2 quokkas (D:1)
  3 ball pythons
  3 bats
  3 frilled lizards
  2 goblins
  8 kobolds
  4 rats
120 creatures vanquished.

Notes
Turn   | Place    | Note
-------+----------+-------------------------------------------
     0 | D:1      | jagoly the Octopode Conjurer began the quest for the Orb.
     0 | D:1      | Reached XP level 1. HP: 11/11 MP: 3/3
   159 | D:1      | Reached XP level 2. HP: 18/18 MP: 5/5
   162 | D:1      | Learned a level 2 spell: Searing Ray
   213 | D:3      | Noticed Terence
   232 | D:2      | Reached skill level 1 in Fighting
   244 | D:2      | Reached XP level 3. HP: 11/23 MP: 2/6
   433 | D:3      | Reached XP level 4. HP: 28/28 MP: 7/7
   513 | D:4      | Noticed Sigmund
   523 | D:5      | Entered Level 5 of the Dungeon
   559 | D:5      | Reached skill level 5 in Conjurations
   569 | D:5      | Reached XP level 5. HP: 34/34 MP: 4/8
   570 | D:5      | Noticed an ogre
   611 | D:6      | Noticed an orc warrior
   702 | D:5      | Killed an ogre
   703 | D:5      | Reached XP level 6. HP: 10/41 MP: 0/9
   723 | D:5      | Reached skill level 6 in Conjurations
   941 | D:5      | Identified the +4 ring mail of Wu Jian's Vengeance {^Contam
                  | rElec Dex+5}
  1023 | D:6      | Found Hayvoy's Antique Weapon Boutique.
  1084 | D:6      | Learned a level 3 spell: Stone Arrow
  1105 | D:6      | Noticed a black bear
  1110 | D:6      | Killed a black bear
  1111 | D:6      | Reached skill level 1 in Earth Magic
  1111 | D:6      | Reached XP level 7. HP: 46/46 MP: 10/10
  1189 | D:6      | Found a glowing drain.
  1193 | Sewer    | Entered a sewer
  1378 | Sewer    | Reached skill level 7 in Conjurations
  1378 | Sewer    | Reached XP level 8. HP: 45/54 MP: 11/11
  1506 | D:6      | Found Coavan's Weapon Boutique.
  1555 | D:7      | Reached skill level 5 in Earth Magic
  1562 | D:7      | Found a radiant altar of Vehumet.
  1576 | D:7      | Became a worshipper of Vehumet
  1773 | D:8      | Reached skill level 8 in Conjurations
  1777 | D:8      | Learned a level 3 spell: Passwall
  1919 | D:8      | Found an opulent altar of Gozag.
  1980 | D:8      | Reached XP level 9. HP: 58/58 MP: 12/12
  1989 | D:8      | Noticed Joseph
  1998 | D:8      | Killed Joseph
  1999 | D:8      | Reached skill level 5 in Stealth
  2042 | D:8      | Found a staircase to the Lair.
  2043 | D:8      | Noticed a komodo dragon
  2052 | D:8      | Killed a komodo dragon
  2053 | D:8      | Reached skill level 5 in Fighting
  2058 | D:8      | Learned a level 4 spell: Iskenderun's Mystic Blast
  2062 | Lair:1   | Entered Level 1 of the Lair of Beasts
  2062 | Lair:1   | Noticed a rime drake
  2064 | Lair:1   | Killed a rime drake
  2065 | Lair:1   | Reached skill level 1 in Translocations
  2181 | D:8      | Reached skill level 5 in Dodging
  2377 | D:8      | Slain by a yak

Illustrated notes

Levels and vault maps discovered:
D:1:      onia_arrival_handbag, layout_basic,
          ebering_ecumenical_altar_abandoned, chequers_serial_rivers_marsh
D:2:      layout_basic, minmay_surrounded
D:3:      layout_basic, uniq_grinder, uniq_terence
D:4:      layout_gridville, minmay_temple_entry_drinking_statues, uniq_sigmund
D:5:      layout_rooms, zin_scriptorium, serial_curves, eino_curves_01,
          eino_curves_04, corexii_corridor_pit, st_stairs_4, minivault_23
D:6:      layout_basic, jmf_multi_god_temple2, serial_shops,
          nicolae_shop_hallway_plus, nicolae_shop_advertising_works
          [nicolae_subvault_shop_adworks], gup_sewer_entry_bowl, serial_rivers,
          chequers_serial_rivers_large_a, chequers_serial_rivers_micro_c,
          chequers_serial_rivers_marsh, chequers_serial_rivers_micro_e,
          serial_library_hellmonk_long_bookcase, kennysheep_generic_room_4
D:7:      layout_gridville, mainiacjoe_overflow_small_starburst
D:8:      wad_cavern_with_rooms, layout_gridville, grunt_gozag_statues,
          david_lair_shrubbed, uniq_grum, uniq_joseph
D:9:      layout_long_grid, mainiacjoe_overflow_catwalk_spiral,
          lemuel_doored_altar, uniq_pikel, uniq_maurice, uniq_psyche,
          uniq_maggie, uniq_jeremiah
Lair:1:   layout_cave_pods, st_stairs_10, nicolae_quartered_pool_super,
          serial_bayou_shore_b, infiniplex_staircase_pool, lemuel_fruit_tree

Skill      XL: |  1  2  3  4  5  6  7  8  9 |
---------------+----------------------------+-----
Stealth        | 3 4 7 |  7.4
Fighting       | 1 2 3 4 6 |  6.0
Conjurations   | 5 6 7 8 |  8.0
Dodging        | 3 5 |  5.4
Earth Magic    | 1 3 6 |  6.0
Spellcasting   | 3 |  3.0
Translocations | 2 |  2.0

Action                     |  1- 3 |  4- 6 |  7- 9 || total
---------------------------+-------+-------+-------++-------
  Melee: Unarmed           |     4 |       |       ||     4
         Constrict         |     4 |       |     3 ||     7
         Short sword       |     7 |     1 |    11 ||    19
         Tentacles         |     4 |       |     3 ||     7
  Throw: Dart              |       |       |     1 ||     1
   Cast: Magic Dart        |    42 |    31 |    37 ||   110
         Searing Ray       |     4 |    19 |    24 ||    47
         Stone Arrow       |       |     2 |    63 ||    65
         Passwall          |       |       |     6 ||     6
    Use: Potion            |       |       |     2 ||     2
         Scroll            |       |       |     3 ||     3
   Stab: Sleeping          |     1 |       |     2 ||     3
 Armour: Skin              |     8 |     6 |    26 ||    40
  Dodge: Dodged            |    16 |     5 |    28 ||    49
  Block: Other             |       |       |     6 ||     6
